 Dungeon Sprint DCSS version 0.23-a0-182-g58cdd98 (webtiles) character file.

39200 Kidiri the Tortoise (level 13, 0/137 HPs)
             Began as a Minotaur Fighter on Sept 20, 2018.
             Was the Champion of Okawaru.
             Slain by a harpy (15 damage)
             ... summoned by Kirke
             ... in the Dungeon (Sprint IX: "|||||||||||||||||||||||||||||").
             The game lasted 00:15:36 (3389 turns).

Kidiri the Tortoise (Minotaur Fighter)              Turns: 3389, Time: 00:15:37

Health: 0/137      AC:  0    Str: 25    XL:     13   Next: 67%
Magic:  7/18       EV: 25    Int:  5    God:    Okawaru [******]
Gold:   28         SH:  0    Dex: 11    Spells: 12/12 levels left

rFire    . . .     SeeInvis .     - Unarmed
rCold    . . .     Gourm    .   (shield currently unavailable)
rNeg     . . .     Faith    .   (armour currently unavailable)
rPois    .         Spirit   .   (helmet currently unavailable)
rElec    .         Reflect  .   (cloak currently unavailable)
rCorr    .         Harm     .   (gloves currently unavailable)
MR       .....     NoTele   +   (boots currently unavailable)
Stlth    +++.......             (no amulet)
HPRegen  0.32/turn              (ring currently unavailable)
MPRegen  0.16/turn              (ring currently unavailable)

@: pig-form, heroism, very quick
A: small, (retaliatory headbutt)
a: Heroism, Finesse, Renounce Religion


You were in the Dungeon.
You worshipped Okawaru.
Okawaru was exalted by your worship.
You were not hungry.
You were a filthy swine.
You visited 1 branch You collected 1926 gold pieces.
You spent 1898 gold pieces at shops.

Inventory:

Hand Weapons
 a - a +3 morningstar of holy wrath
 u - a +0 blowgun
 I - the +9 morningstar of the Disturbing Hells (melded) {antimagic, SInv}
   (Okawaru gifted it to you in the Dungeon)

   It reduces the magical energy of the wielder, and disrupts the spells and
   magical abilities of those hit.
   Natural abilities and divine invocations are not affected.
   It lets you see invisible.
Missiles
 w - 5 javelins of returning
 y - 4 curare-tipped needles
 H - 4 exploding tomahawks
 J - 2 tomahawks of dispersal
 K - 2 poisoned tomahawks
 L - 10 javelins
 N - a throwing net
 O - 4 javelins of penetration (quivered)
 P - 6 tomahawks
Armour
 c - a +1 shield (melded)
 l - a +1 hat (melded)
 p - a +0 pair of gloves (melded)
 t - the +3 hat of Pondering {ponderous, MR+ MP+10 Int+5}
   (You took it off Gastronok in the Dungeon)

   It affects your intelligence (+5).
   It affects your resistance to hostile enchantments.
   It affects your magic capacity (+10).
 x - a +0 cloak of poison resistance
 z - the +6 plate armour "Cukhligh" (melded) {+Blink rN+}
   (You bought it in a shop in the Dungeon)

   It protects you from negative energy.
   It lets you blink.
 F - a +1 pair of boots (melded)
 M - a +2 cloak of invisibility (melded)
Jewellery
 r - a +2 ring of evasion (melded)
 s - a +3 ring of strength (melded)
 A - an uncursed ring of ice
 C - an uncursed ring of ice
 D - an uncursed ring of protection from fire
 E - an uncursed ring of see invisible
Wands
 o - a wand of acid (10)
Scrolls
 b - 2 scrolls of identify
 k - 3 scrolls of blinking
 m - 5 scrolls of remove curse
 n - 2 scrolls of amnesia
 v - 3 scrolls of fear
 B - 3 scrolls of fog
Potions
 d - 2 potions of might
 e - 8 potions of curing
 g - 4 potions of heal wounds
 h - 3 potions of haste
 i - 4 potions of magic
 j - a potion of invisibility
 G - 2 potions of flight
Comestibles
 f - 11 rations
 q - 6 chunks of flesh


   Skills:
 * Level 19.1(24.1) Fighting
 * Level 18.9(23.9) Maces & Flails
 + Level 11.1(16.1) Throwing
 * Level 19.1(24.1) Armour
 + Level 12.9(17.9) Dodging
 * Level 19.1(24.1) Shields
 + Level 8.0 Invocations


You had 12 spell levels left.
You didn't know any spells.
Your spell library was empty.

Dungeon Overview and Level Annotations

Branches:
Dungeon (1/1)

Altars:
Cheibriados
Dithmenos
Elyvilon
Fedhas
Gozag
Hepliaklqana
Kikubaaqudgha
Makhleb
Nemelex Xobeh
Okawaru
Qazlal
Ru
Sif Muna
Trog
Uskayaw
Vehumet
Wu Jian
Xom
Yredelemnul
Zin
The Shining One
Beogh
Jiyva
Lugonu

Shops:
D ?[*[

Annotations:
D Kirke


Innate Abilities, Weirdness & Mutations

((You reflexively headbutt those who attack you in melee.))
((You have a pair of horns on your head.))


Message History

Kirke is heavily wounded.
The harpy misses you. The harpy barely misses you.
Kirke drinks a potion.
Kirke is healed!
You hit Kirke.
Kirke is heavily wounded.
The harpy closely misses you. The harpy completely misses you.
You barely miss Kirke.
Kirke is heavily wounded.
The harpy claws you!!
* * * LOW HITPOINT WARNING * * *
The harpy claws you.
* * * LOW HITPOINT WARNING * * *
Kirke barely misses you.
You barely miss Kirke.
Kirke is heavily wounded.
Kirke misses you. The harpy completely misses you. The harpy barely misses you.
You bite Kirke!
Kirke is heavily wounded.
The harpy claws you!
You die...

▓▓▓▓▓▓▓▓▓▓▓▓▓▓▓
▓.....Hh@hhh...
▓.▓▓▓▓▓▓▓▓▓▓▓▓▓▓▓▓▓▓▓▓▓▓
▓............'....†))))'
▓▓▓▓▓▓▓▓▓▓▓▓▓▓▓▓▓▓▓▓▓▓▓▓
▓........((()((((.....))
▓.▓▓▓▓▓▓▓▓▓▓▓▓▓▓▓▓▓▓▓▓▓▓
▓.........'........)[(.[
▓▓▓▓▓▓▓▓▓▓▓▓▓▓▓▓▓▓▓▓▓▓▓▓
▓........†......).......


You could see Kirke, a harpy and 3 hogs.

Vanquished Creatures
  Saint Roka (D)
  Gastronok (D)
  A thorn hunter (D)
  A ghost moth (D)
  A stone giant (D)
  A very ugly thing (D)
  Nessos (D)
  A merfolk javelineer (D)
  2 fire dragons (D)
  2 merfolk impalers (D)
  3 naga warriors (D)
  3 hydras (D)
  An ogre mage (D)
  A deep troll shaman (D)
  2 centaur warriors (D)
  A two-headed ogre (D)
  A shock serpent (D)
  Sonja (D)
  A sea snake (D)
  A swamp dragon (D)
  A naga ritualist (D)
  2 orc knights (D)
  An orb spider (D)
  6 orc sorcerers (D)
  A wolf spider (D)
  3 black mambas (D)
  3 spiny frogs (D)
  2 merfolk (D)
  A tengu conjurer (D)
  2 trolls (D)
  3 tyrant leeches (D)
  4 blink frogs (D)
  3 jumping spiders (D)
  2 hippogriffs (D)
  A bog body (D)
  2 redbacks (D)
  A tarantella (D)
  2 shadows (D)
  A yak (D)
  2 water elementals (D)
  2 hogs (D)
  A wyvern (D)
  A basilisk (D)
  3 vampire mosquitoes (D)
  A warg (D)
  A naga (D)
  2 porcupines (D)
  13 orc warriors (D)
  2 swamp drakes (D)
  A sky beast (D)
  2 ogres (D)
  A centaur (D)
  2 crocodiles (D)
  A big kobold (D)
  6 bullfrogs (D)
  2 howler monkeys (D)
  A hound (D)
  5 orc priests (D)
  13 orc wizards (D)
  2 iguanas (D)
  An adder (D)
  A dart slug (D)
  5 orcs (D)
  A bat skeleton (D)
  A bat zombie (D)
  2 giant cockroaches (D)
  A goblin (D)
  2 hobgoblins (D)
  A quokka skeleton (D)
  A rat (D)
148 creatures vanquished.

Notes
Turn   | Place    | Note
-------+----------+-------------------------------------------
     0 | D        | Kidiri the Minotaur Fighter began the quest for the Orb.
     0 | D        | Reached XP level 1. HP: 19/19 MP: 0/0
    10 | D        | Reached skill level 1 in Dodging
    65 | D        | Noticed a howler monkey
    65 | D        | Noticed a hound
    65 | D        | Noticed an iguana
    73 | D        | Killed an iguana
    73 | D        | Reached skill level 5 in Fighting
    73 | D        | Reached skill level 5 in Armour
    73 | D        | Reached skill level 5 in Shields
    73 | D        | Reached XP level 2. HP: 18/29 MP: 1/1
    73 | D        | Reached XP level 3. HP: 22/36 MP: 2/2
    81 | D        | Reached skill level 5 in Maces & Flails
    81 | D        | Reached XP level 4. HP: 29/44 MP: 3/3
   241 | D        | Found a roughly hewn altar of Beogh.
   241 | D        | Found a snail-covered altar of Cheibriados.
   241 | D        | Found a shadowy altar of Dithmenos.
   241 | D        | Found a white marble altar of Elyvilon.
   241 | D        | Found a blossoming altar of Fedhas.
   241 | D        | Found an opulent altar of Gozag.
   242 | D        | Found a hazy altar of Hepliaklqana.
   243 | D        | Found a viscous altar of Jiyva.
   244 | D        | Found an ancient bone altar of Kikubaaqudgha.
   245 | D        | Found a corrupted altar of Lugonu.
   246 | D        | Found a burning altar of Makhleb.
   247 | D        | Found a sparkling altar of Nemelex Xobeh.
   248 | D        | Found an iron altar of Okawaru.
   249 | D        | Found a stormy altar of Qazlal.
   250 | D        | Found a sacrificial altar of Ru.
   251 | D        | Found a deep blue altar of Sif Muna.
   252 | D        | Found a bloodstained altar of Trog.
   253 | D        | Found a hide-covered altar of Uskayaw.
   254 | D        | Found a radiant altar of Vehumet.
   255 | D        | Found an ornate altar of the Wu Jian Council.
   256 | D        | Became a worshipper of Warmaster Okawaru
   257 | D        | Found a shimmering altar of Xom.
   258 | D        | Found a basalt altar of Yredelemnul.
   259 | D        | Found a glowing silver altar of Zin.
   260 | D        | Found a glowing golden altar of the Shining One.
   315 | D        | Noticed a sky beast
   315 | D        | Noticed a hippogriff
   315 | D        | Noticed an ogre
   325 | D        | Killed an ogre
   325 | D        | Reached * piety under Okawaru
   325 | D        | Reached XP level 5. HP: 41/52 MP: 4/4
   329 | D        | Killed a hippogriff
   329 | D        | Reached skill level 5 in Dodging
   329 | D        | Reached XP level 6. HP: 46/62 MP: 5/5
   338 | D        | Killed a sky beast
   338 | D        | Reached ** piety under Okawaru
   448 | D        | Noticed a centaur warrior
   455 | D        | Reached XP level 7. HP: 68/70 MP: 3/6
   460 | D        | Killed a centaur warrior
   460 | D        | Reached *** piety under Okawaru
   460 | D        | Reached skill level 10 in Fighting
   460 | D        | Reached skill level 10 in Maces & Flails
   460 | D        | Reached skill level 10 in Armour
   460 | D        | Reached skill level 10 in Shields
   460 | D        | Reached XP level 8. HP: 73/81 MP: 4/7
   626 | D        | Received a gift from Okawaru
   626 | D        | Noticed a blink frog
   657 | D        | Reached XP level 9. HP: 87/90 MP: 5/8
   662 | D        | Reached **** piety under Okawaru
   781 | D        | Noticed a five-headed hydra
   781 | D        | Noticed a seven-headed hydra
   788 | D        | Reached skill level 5 in Throwing
   790 | D        | Killed a seven-headed hydra
   790 | D        | Reached ***** piety under Okawaru
   792 | D        | Killed a five-headed hydra
   792 | D        | Reached XP level 10. HP: 74/101 MP: 7/9
   900 | D        | Noticed a spiny frog
   900 | D        | Noticed a spiny frog
   900 | D        | Noticed a spiny frog
   902 | D        | Received a gift from Okawaru
   904 | D        | Killed a spiny frog
   904 | D        | Killed a spiny frog
   927 | D        | Received a gift from Okawaru
   929 | D        | Killed a spiny frog
   952 | D        | Got a faintly glowing dire flail {god gift}
   953 | D        | Identified the +1 dire flail of the Enemy {venom, +Inv
                  | rPois Str-5 Int+3} (Okawaru gifted it to you in the
                  | Dungeon)
  1542 | D        | Noticed an orc sorcerer
  1547 | D        | Noticed an orc knight
  1553 | D        | Killed an orc sorcerer
  1555 | D        | Noticed an orc knight
  1556 | D        | Killed an orc knight
  1556 | D        | Reached XP level 11. HP: 108/111 MP: 3/10
  1570 | D        | Killed an orc knight
  1730 | D        | Found Yvvoepla's Armour Boutique.
  1732 | D        | Noticed an orc sorcerer
  1738 | D        | Found Ehiosogh's Assorted Antiques.
  1739 | D        | Noticed a sun demon
  1744 | D        | Found Ozixe's Antique Armour Boutique.
  1745 | D        | Killed an orc sorcerer
  1747 | D        | Found Nar Mys's Magic Scroll Shop.
  1748 | D        | Noticed an orc sorcerer
  1749 | D        | Noticed an orc sorcerer
  1751 | D        | Noticed an orc sorcerer
  1754 | D        | Noticed an orc sorcerer
  1756 | D        | Killed an orc sorcerer
  1756 | D        | Reached skill level 15 in Fighting
  1756 | D        | Reached skill level 15 in Armour
  1756 | D        | Reached skill level 10 in Dodging
  1756 | D        | Reached skill level 15 in Shields
  1764 | D        | Killed an orc sorcerer
  1769 | D        | Paralysed by an orc sorcerer for 3 turns
  1773 | D        | Killed an orc sorcerer
  1773 | D        | Reached skill level 15 in Maces & Flails
  1779 | D        | Killed an orc sorcerer
  1779 | D        | Received a gift from Okawaru
  1853 | D        | Bought a glowing hat for 147 gold pieces
  1853 | D        | Bought a heavily runed plate armour for 588 gold pieces
  1868 | D        | Identified the cursed +0 plate armour of the Hanged Man
                  | {Str-3 Slay+5} (You bought it in a shop in the Dungeon)
  1872 | D        | Bought the +6 plate armour "Cukhligh" {+Blink rN+} for 783
                  | gold pieces
  1888 | D        | Bought a scroll of identify for 54 gold pieces
  1888 | D        | Bought a scroll labeled YRORYCK HIVUPO for 27 gold pieces
  1888 | D        | Bought a scroll labeled GOGEIS BASH for 27 gold pieces
  1888 | D        | Bought a copper ring for 135 gold pieces
  1888 | D        | Bought a scroll labeled TAAVISAO ANUF for 27 gold pieces
  1898 | D        | Bought a scroll of identify for 22 gold pieces
  1898 | D        | Bought a scroll of identify for 22 gold pieces
  1898 | D        | Bought a scroll of identify for 22 gold pieces
  1898 | D        | Bought a scroll of identify for 22 gold pieces
  1898 | D        | Bought a scroll of identify for 22 gold pieces
  1923 | D        | Noticed Gastronok
  1944 | D        | Killed Gastronok
  1944 | D        | Reached skill level 1 in Invocations
  2065 | D        | Noticed Sonja
  2078 | D        | Killed Sonja
  2227 | D        | Noticed a six-headed hydra
  2227 | D        | Noticed a two-headed ogre
  2231 | D        | Noticed an ogre mage
  2233 | D        | Killed a two-headed ogre
  2233 | D        | Killed an ogre mage
  2235 | D        | Noticed a stone giant
  2237 | D        | Killed a six-headed hydra
  2238 | D        | Noticed a fire dragon
  2238 | D        | Noticed a deep troll shaman
  2242 | D        | Reached XP level 12. HP: 122/122 MP: 5/13
  2243 | D        | Noticed a fire dragon
  2247 | D        | Noticed a cyan very ugly thing
  2254 | D        | Noticed a centaur warrior
  2255 | D        | Killed a stone giant
  2255 | D        | Received a gift from Okawaru
  2269 | D        | Killed a cyan very ugly thing
  2269 | D        | Received a gift from Okawaru
  2274 | D        | Killed a fire dragon
  2284 | D        | Killed a deep troll shaman
  2293 | D        | Killed a fire dragon
  2299 | D        | Killed a centaur warrior
  2330 | D        | Got a shimmering morningstar {god gift}
  2331 | D        | Identified the +9 morningstar of the Disturbing Hells
                  | {antimagic, SInv} (Okawaru gifted it to you in the Dungeon)
  2561 | D        | Noticed Nessos
  2575 | D        | Killed Nessos
  2575 | D        | Reached skill level 5 in Invocations
  2730 | D        | Noticed Saint Roka
  2758 | D        | Killed Saint Roka
  2758 | D        | Received a gift from Okawaru
  2760 | D        | Received a gift from Okawaru
  3008 | D        | Noticed a thorn hunter
  3010 | D        | Reached skill level 10 in Throwing
  3024 | D        | Killed a thorn hunter
  3024 | D        | Received a gift from Okawaru
  3024 | D        | Reached ****** piety under Okawaru
  3024 | D        | Reached XP level 13. HP: 115/134 MP: 4/16
  3114 | D        | Received a gift from Okawaru
  3172 | D        | Noticed a ghost moth
  3178 | D        | Killed a ghost moth
  3226 | D        | Noticed a merfolk impaler
  3226 | D        | Noticed a merfolk impaler
  3228 | D        | Noticed a merfolk javelineer
  3232 | D        | Killed a merfolk impaler
  3238 | D        | Killed a merfolk impaler
  3248 | D        | Killed a merfolk javelineer
  3360 | D        | Noticed Kirke
  3389 | D        | Slain by a harpy

Vault maps used:
D:        linesprint

Skill      XL: |  1  2  3  4  5  6  7  8  9 10 11 12 13 |
---------------+----------------------------------------+-----
Fighting       | 5 6 7 8 9 10 11 13 14 16 17 19 | 19.1
Armour         | 5 6 7 8 9 10 11 13 14 16 17 19 | 19.1
Maces & Flails | 4 5 7 8 9 10 11 13 14 16 17 18 | 18.9
Shields        | 5 6 7 8 9 10 11 13 14 16 17 19 | 19.1
Dodging        | 1 2 4 5 6 7 8 9 10 12 | 12.9
Throwing       | 2 4 5 7 8 10 11 | 11.1
Invocations    | 3 6 8 |  8.0

Action                   |  1- 3 |  4- 6 |  7- 9 | 10-12 | 13-15 || total
-------------------------+-------+-------+-------+-------+-------++-------
Melee: Flail             |    20 |       |       |       |       ||    20
       Headbutt          |     1 |     5 |    11 |    52 |    17 ||    86
       Morningstar       |       |    29 |    59 |   198 |    59 ||   345
       Unarmed           |       |       |       |       |    23 ||    23
Throw: Javelin           |       |       |     6 |    42 |    11 ||    59
       Stone             |       |       |       |     1 |       ||     1
Invok: Heroism           |       |     1 |     4 |    15 |     4 ||    24
       Finesse           |       |       |       |     8 |       ||     8
  Use: Potion            |     1 |       |       |     5 |       ||     6
       Scroll            |       |       |     2 |     8 |       ||    10
  Eat: Chunk             |       |       |       |     5 |       ||     5
       Ration            |       |       |       |     1 |       ||     1
Armor: Scale mail        |     4 |       |       |       |       ||     4
       Plate armour      |       |    10 |    21 |    36 |    17 ||    84
Dodge: Dodged            |     1 |     9 |    18 |    38 |    48 ||   114
Block: Shield            |     6 |    13 |    27 |    91 |    42 ||   179

Table legend:
 A = Non-vault XP
 B = Vault XP
 C = Vault XP percentage of total XP
 D = Non-vault monster count
 E = Vault monster count
 F = Vault count percentage of total count
                 A         B        C        D         E       F
            +---------+---------+-------+---------+---------+-------
      Total |       0 |   56001 | 100.0 |       0 |     148 | 100.0
            +---------+---------+-------+---------+---------+-------
          D |       0 |   56001 | 100.0 |       0 |     148 | 100.0
            +---------+---------+-------+---------+---------+-------
